 Dungeon Crawl Stone Soup version 0.21.1-1-g345015fe64 (webtiles) character file.

5473 RaHiT the Slicer (level 10, -12/74 HPs)
             Began as a Vampire Assassin on Apr 16, 2018.
             Was a Follower of Uskayaw.
             Mangled by a two-headed ogre
             ... wielding a +0 giant club
              (22 damage)
             ... on level 9 of the Dungeon.
             The game lasted 00:46:40 (10586 turns).

RaHiT the Slicer (Vampire Assassin)                Turns: 10586, Time: 00:46:43

Health: -12/74     AC: 19    Str: 12    XL:     10   Next: 42%
Magic:  9/13       EV:  7    Int: 15    God:    Uskayaw [*.....]
Gold:   273        SH:  2    Dex: 13    Spells: 9/9 levels left

rFire    . . .     SeeInvis +   a - +2 dagger (venom)
rCold    + + +     Gourm    .   (no shield)
rNeg     + + +     Faith    .   H - +9 chain mail "Nuajewad" {rN+ Str+2 Dex-5}
rPois    +         Spirit   .   w - +0 helmet
rElec    .         Reflect  +   d - +0 cloak
rCorr    .         Harm     .   (no gloves)
MR       +....                  (no boots)
Stlth    +.........             y - +2 amulet of reflection
HPRegen  0.11/turn              i - ring of protection from cold
MPRegen  0.13/turn              M - ring of protection from cold

@: regenerating slowly
A: fangs 3, see invisible, unbreathing
a: Bat Form, Stomp, Renounce Religion


You were on level 9 of the Dungeon.
You worshipped Uskayaw.
Uskayaw was noncommittal.
You were very thirsty.

You visited 2 branches of the dungeon, and saw 10 of its levels.

You collected 472 gold pieces.
You spent 199 gold pieces at shops.

Inventory:

Hand Weapons
 a - a +2 dagger of venom (weapon)
 b - a +0 blowgun
 r - a +2 dagger of draining
 F - a +0 rapier
Missiles
 e - 22 poisoned needles
 h - 218 stones
 B - a tomahawk of returning (quivered)
 G - 2 curare-tipped needles
Armour
 c - a +0 robe
 d - a +0 cloak (worn)
 f - a +2 robe of magic resistance
 q - a +1 leather armour of fire resistance
 w - a +0 helmet (worn)
 H - the +9 chain mail "Nuajewad" (worn) {rN+ Str+2 Dex-5}
   (You found it on level 7 of the Dungeon)

   It affects your strength (+2).
   It affects your dexterity (-5).
   It protects you from negative energy.
 Q - the +0 chain mail "Beczug" {rC+ Str+4 Slay-5 SInv}
   (You bought it in a shop on level 8 of the Dungeon)

   It affects your strength (+4).
   It affects your accuracy and damage with ranged weapons and melee attacks
   (-5).
   It protects you from cold.
   It lets you see invisible.
Jewellery
 i - a ring of protection from cold (left hand)
 y - a +2 amulet of reflection (around neck)
 M - a ring of protection from cold (right hand)
 N - a +2 ring of dexterity
Wands
 P - a wand of random effects (19)
 R - a wand of polymorph (17)
Scrolls
 j - a scroll of noise
 m - 4 scrolls of fog
 n - 4 scrolls of enchant armour
 u - a scroll of blinking {unknown}
 v - 3 scrolls of amnesia {unknown}
 C - 3 scrolls of teleportation {unknown}
 D - 2 scrolls of remove curse
 E - 2 scrolls of fear {unknown}
 J - a scroll of brand weapon {unknown}
 K - a scroll of enchant weapon
 L - a scroll of magic mapping {unknown}
Potions
 g - 22 potions of blood
 k - a potion of berserk rage
 l - a potion of ambrosia
 o - 2 potions of lignification
 p - a potion of haste {unknown}
 s - 4 potions of heal wounds
 t - a potion of degeneration {unknown}
 x - a potion of flight {unknown}
 z - 2 potions of magic {unknown}
 A - 2 potions of brilliance {unknown}
 I - a potion of resistance {unknown}
 O - a potion of curing
 S - 2 potions of cancellation {unknown}


   Skills:
 - Level 5.0 Fighting
 + Level 11.0 Short Blades
 - Level 6.2 Throwing
 - Level 6.0 Dodging
 - Level 6.0 Stealth
 + Level 5.2 Invocations


You had 9 spell levels left.
You didn't know any spells.

Dungeon Overview and Level Annotations

Branches:
Dungeon (9/15)             Temple (1/1) D:7
   Lair: D:8-11         Orc: D:9-12

Altars:
Ashenzari
Cheibriados
Dithmenos
Elyvilon
Fedhas
Gozag
Hepliaklqana
Kikubaaqudgha
Makhleb
Nemelex Xobeh
Okawaru
Qazlal
Ru
Sif Muna
Trog
Uskayaw
Vehumet
Wu Jian
Xom
Yredelemnul
Zin
The Shining One

Shops:
D:4 (   D:5 *   D:8 [

Annotations:
D:5 raetorn's ghost, novice MiMo


Innate Abilities, Weirdness & Mutations

You heal slowly.
You have razor-sharp teeth.
You have supernaturally acute eyesight. (SInv)
You can survive without breathing.


Message History

The bullfrog hits the worker ant but does no damage.
The two-headed ogre barely misses you.
The two-headed ogre hits you with a giant club!!
* * * LOW HITPOINT WARNING * * *
You hit the two-headed ogre.
The two-headed ogre looks as sick as possible!
The two-headed ogre is severely wounded.
The worker ant bites the bullfrog.
The bullfrog barely misses you.
You hit the two-headed ogre but do no damage.
You bite the two-headed ogre.
You draw the two-headed ogre's blood!
You feel better.
You feel slightly less thirsty.
The two-headed ogre is severely wounded.
You hit the two-headed ogre.
The two-headed ogre looks as sick as possible!
The two-headed ogre is severely wounded.
The two-headed ogre seems less confused.
The bullfrog seems less confused.
The bullfrog hits you but does no damage.
The two-headed ogre hits you with a giant club!!
You die...
G. ... #... #.# ....###.###.# #.# ..[....#a...# #.# ###.###.# ######.# #!..†.#S# #......# ###a###a# #.####.# #S††.#.# #.# #.# #(##..#.######.####.##### #Fs

#....SaF@O...#...[...#
..#.
##.#.######..#.#.#.#.####
#.##? ..##.#
#..#........... #J# ###.#
#.# #..#....<#.###. #. #.
#.. #........#.# . . #.#
####.......# . ..#
###.##### #. #.# #. #.#
#+


You could see a two-headed ogre, a bullfrog, a worker ant (confused) and an
adder (confused).

Vanquished Creatures
  A hydra (D:9)
  The ghost of raetorn the Grappler, a novice TrMo of Wu Jian (D:8)
  Pikel (D:6)
  Sigmund (D:6)
  Eustachio (D:6)
  A hungry ghost (D:5)
  Edmund (D:6)
  Menkaure (D:7)
  3 orc warriors
  3 slaves (D:6)
  A sky beast (D:5)
  3 ogres
  2 phantoms
  An ice beast (D:6)
  4 centaurs
  A gnoll sergeant (D:8)
  5 bullfrogs
  3 scorpions
  5 killer bees
  A howler monkey (D:9)
  3 crimson imps
  A jelly (D:8)
  3 orc priests
  4 hounds
  A centaur skeleton (D:5)
  8 orc wizards
  7 worker ants
  2 hound zombies
  15 gnolls
  7 adders
  A shadow imp (D:5)
  4 worms
  2 dart slugs
  4 leopard geckos
  37 orcs
  5 giant cockroaches
  13 hobgoblins
  15 jackals
  4 quokkas
  2 ball pythons
  3 bats
  4 frilled lizards
  2 giant cockroach zombies
  8 goblins
  8 kobolds
  A leopard gecko skeleton (D:5)
  2 quokka skeletons
  7 rats
213 creatures vanquished.

Notes
Turn   | Place    | Note
-------+----------+-------------------------------------------
     0 | D:1      | RaHiT the Vampire Assassin began the quest for the Orb.
     0 | D:1      | Reached XP level 1. HP: 16/16 MP: 1/1
    46 | D:1      | Reached XP level 2. HP: 1/22 MP: 2/2
    66 | D:1      | HP: 1/22 [rat (2)]
  1246 | D:2      | Reached XP level 3. HP: 14/27 MP: 3/3
  1928 | D:2      | Reached skill level 3 in Short Blades
  2364 | D:3      | Reached XP level 4. HP: 33/33 MP: 4/4
  2960 | D:3      | Reached XP level 5. HP: 24/38 MP: 5/5
  3373 | D:3      | Found a faded altar of an unknown god.
  4075 | D:4      | Reached skill level 4 in Short Blades
  4147 | D:4      | Found Reriuto's Weapon Boutique.
  4662 | D:4      | Reached XP level 6. HP: 40/44 MP: 6/6
  4961 | D:4      | Reached skill level 5 in Short Blades
  5030 | D:4      | Reached XP level 7. HP: 24/50 MP: 7/7
  5369 | D:4      | Reached skill level 5 in Dodging
  5615 | D:5      | Entered Level 5 of the Dungeon
  5734 | D:5      | Noticed a hungry ghost
  5781 | D:5      | Found a stormy altar of Qazlal.
  5800 | D:5      | Reached skill level 6 in Short Blades
  5804 | D:5      | Reached XP level 8. HP: 40/56 MP: 8/8
  6189 | D:5      | Reached skill level 5 in Throwing
  6433 | D:5      | Noticed raetorn's ghost (novice MiMo)
  6512 | D:5      | Found Qinug's Assorted Antiques.
  6872 | D:5      | Reached skill level 7 in Short Blades
  6943 | D:6      | Noticed Eustachio
  6945 | D:6      | Killed Eustachio
  6969 | D:6      | Noticed Sigmund
  7023 | D:6      | Noticed Pikel
  7069 | D:6      | Killed Pikel
  7069 | D:6      | Reached skill level 8 in Short Blades
  7069 | D:6      | Reached XP level 9. HP: 17/63 MP: 9/9
  7431 | D:6      | Noticed Edmund
  7433 | D:6      | Killed Edmund
  7541 | D:6      | Killed Sigmund
  7654 | D:6      | Found a bloodstained altar of Trog.
  7664 | D:6      | Reached skill level 9 in Short Blades
  7787 | D:7      | Got a heavily runed chain mail
  7817 | D:7      | Found a staircase to the Ecumenical Temple.
  7890 | Temple   | Entered the Ecumenical Temple
  8153 | Temple   | Became a worshipper of Uskayaw the Reveler
  8188 | D:7      | Reached * piety under Uskayaw
  8190 | D:7      | Reached ** piety under Uskayaw
  8196 | D:7      | Reached skill level 1 in Invocations
  8196 | D:7      | Reached *** piety under Uskayaw
  8246 | D:7      | Found a white marble altar of Elyvilon.
  8886 | D:7      | Noticed Menkaure
  8892 | D:7      | Killed Menkaure
  9037 | D:8      | Reached skill level 5 in Fighting
  9194 | D:8      | Noticed raetorn's ghost (novice TrMo)
  9259 | D:8      | Killed raetorn's ghost
  9259 | D:8      | Reached skill level 10 in Short Blades
  9259 | D:8      | Reached XP level 10. HP: 15/74 MP: 12/12
  9259 | D:8      | Reached **** piety under Uskayaw
  9587 | D:8      | Found Miec's Antique Armour Boutique.
  9676 | D:8      | Bought a distressingly furry chain mail for 199 gold pieces
  9725 | D:8      | Identified the +9 chain mail "Nuajewad" {rN+ Str+2 Dex-5} (You found it on level 7 of the Dungeon)
  9735 | D:8      | Identified the +0 chain mail "Beczug" {rC+ Str+4 Slay-5 SInv} (You bought it in a shop on level 8 of the Dungeon)
 10522 | D:9      | Noticed a seven-headed hydra
 10527 | D:9      | Noticed a two-headed ogre
 10546 | D:9      | Killed a seven-headed hydra
 10546 | D:9      | Reached skill level 11 in Short Blades
 10546 | D:9      | Reached skill level 5 in Invocations
 10556 | D:9      | Reached ***** piety under Uskayaw
 10586 | D:9      | Mangled by a two-headed ogre

Skill      XL: |  1  2  3  4  5  6  7  8  9 10 |
---------------+-------------------------------+-----
Fighting       | 2 3 5 |  5.0
Stealth        | 6 |  6.0
Throwing       | 2 3 4 6 |  6.2
Dodging        | 2 3 4 5 6 |  6.0
Short Blades   | 3 4 5 6 8 10 11 | 11.0
Invocations    | 3 5 |  5.2

Action                   |  1- 3 |  4- 6 |  7- 9 | 10-12 || total
-------------------------+-------+-------+-------+-------++-------
Melee: Dagger            |   126 |   172 |   267 |   142 ||   707
       Bite              |    10 |    18 |    30 |    15 ||    73
       Rapier            |       |       |     8 |       ||     8
 Fire: Blowgun           |    18 |    27 |    56 |     6 ||   107
Throw: Stone             |    27 |    13 |    17 |       ||    57
       Tomahawk          |       |       |     6 |     5 ||    11
Invok: Line Pass         |       |       |       |     1 ||     1
 Abil: End Transformatio |       |     1 |     3 |     1 ||     5
       Bat Form          |       |     1 |     3 |     1 ||     5
  Use: Scroll            |     5 |     2 |     2 |     1 ||    10
       Potion            |     1 |     8 |    10 |     4 ||    23
 Stab: Sleeping          |    11 |     4 |    32 |       ||    47
       Distracted        |     3 |     1 |     1 |       ||     5
       Paralysed         |       |       |     2 |     6 ||     8
Armor: Robe              |    10 |       |     8 |     5 ||    23
       Leather armour    |     5 |    24 |    29 |       ||    58
       Chain mail        |       |       |       |    43 ||    43
Dodge: Dodged            |    62 |   120 |   126 |    35 ||   343
Block: Other             |       |       |    17 |     4 ||    21
